 Dungeon Crawl Stone Soup version 0.21.1-1-g345015fe64 (webtiles) character file.

283553 Oravi the Spry (level 21, -3/156 HPs)
             Began as a Halfling Hunter on Apr 20, 2018.
             Was a High Priest of Okawaru.
             Shot with an arrow by a deep elf master archer (20 damage)
             ... on level 3 of the Elven Halls on Apr 21, 2018.
             The game lasted 06:57:40 (71029 turns).

Oravi the Spry (Halfling Hunter)                   Turns: 71029, Time: 06:57:41

Health: -3/156     AC: 18    Str: 16      XL:     21   Next: 43%
Magic:  27/27      EV: 42    Int:  8 (12) God:    Okawaru [*****.]
Gold:   1950       SH: 12    Dex: 25      Spells: 20/20 levels left

rFire    . . .     SeeInvis .   b - +4 rapier (speed)
rCold    . . .     Gourm    .   q - +1 buckler {AC+3}
rNeg     + . .     Faith    .   M - +2 robe {MR+}
rPois    +         Spirit   .   k - +2 helmet
rElec    +         Reflect  .   y - +0 cloak {rPois}
rCorr    +         Harm     .   Y - +2 pair of gloves {Dex+3}
MR       +++..                  T - +2 pair of boots
Stlth    ++++......             h - amulet of magic regeneration
HPRegen  0.36/turn              B - ring of Moengae {rCorr rElec rN+ MR+ Int+3}
MPRegen  0.45/turn              I - +4 ring of evasion

@: about to teleport, heroism, corroded, hasted, very quick
A: small, mutation resistance 1
}: 2/15 runes: serpentine, barnacled
a: Heroism, Finesse, Renounce Religion


You were on level 3 of the Elven Halls.
You worshipped Okawaru.
Okawaru was extremely pleased with you.
You were hungry.

You visited 7 branches of the dungeon, and saw 35 of its levels.
You also visited: Labyrinth and Ossuary.

You collected 3692 gold pieces.
You spent 1742 gold pieces at shops.

Inventory:

Hand Weapons
 a - a +4 hunting sling of flaming
 b - a +4 rapier of speed (weapon)
 G - a +4 hunting sling of velocity
Missiles
 g - 363 sling bullets
 r - 536 stones (quivered)
Armour
 c - a +1 pair of boots of stealth
 k - a +2 helmet (worn)
 n - a +2 cloak of invisibility
 q - a +1 buckler of protection (worn)
 y - a +0 cloak of poison resistance (worn)
 C - a +0 leather armour of poison resistance
 M - a +2 robe of magic resistance (worn)
 Q - a scarf of resistance
 T - a +2 pair of boots (worn)
 W - the +0 buckler of Misanthropy {MR+}
   (Okawaru gifted it to you on level 4 of the Lair of Beasts)

   It affects your resistance to hostile enchantments.
 Y - a +2 pair of gloves of dexterity (worn)
Jewellery
 e - an uncursed ring of see invisible
 h - an amulet of magic regeneration (around neck)
 j - an uncursed ring of protection from cold
 w - an uncursed ring of fire
 B - the ring of Moengae (left hand) {rCorr rElec rN+ MR+ Int+3}
   (You bought it in a shop on level 4 of the Dungeon)

   [ring of resist corrosion]

   It affects your intelligence (+3).
   It insulates you from electricity.
   It protects you from negative energy.
   It affects your resistance to hostile enchantments.
 E - the ring "Joeceiss" {rN+ MR+ Str+3}
   (You found it on level 4 of the Shoals)

   [ring of protection from magic]

   It affects your strength (+3).
   It protects you from negative energy.
   It affects your resistance to hostile enchantments.
 I - a +4 ring of evasion (right hand)
 N - an uncursed ring of positive energy
 X - a +3 ring of evasion
Wands
 u - a wand of polymorph (22)
 v - a wand of acid (21)
 x - a wand of iceblast (36)
 H - a wand of digging (28)
 L - a wand of scattershot (4)
 S - a wand of disintegration (16)
 V - a wand of paralysis (64)
Scrolls
 i - 12 scrolls of remove curse
 l - a scroll of blinking
 p - 10 scrolls of magic mapping
 F - 2 scrolls of enchant weapon
 O - 3 scrolls of teleportation
 R - 27 scrolls of identify
 U - 2 scrolls of fear
 Z - 3 scrolls of enchant armour
Potions
 m - 7 potions of curing
 o - a potion of berserk rage
 s - 6 potions of flight
 t - 2 potions of resistance
 z - 6 potions of agility
 A - 2 potions of ambrosia
 D - 4 potions of haste
 J - a potion of mutation
 K - a potion of might
 P - a potion of cancellation
Comestibles
 d - 2 chunks of flesh
 f - 33 rations


   Skills:
 + Level 17.1(22.1) Fighting
 + Level 15.7(20.7) Short Blades
 + Level 17.1(22.1) Slings
 * Level 15.0(20.0) Armour
 * Level 17.4(22.4) Dodging
 - Level 1.1(6.1) Stealth
 * Level 12.4(17.4) Shields
 - Level 9.1 Invocations


You had 20 spell levels left.
You didn't know any spells.

Dungeon Overview and Level Annotations

Branches:
Dungeon (15/15)            Temple (1/1) D:5            Lair (6/6) D:9
 Shoals (4/4) Lair:4        Snake (4/4) Lair:2        Slime (0/5) Lair:5
    Orc (2/2) D:10            Elf (3/3) Orc:2        Vaults (0/5) D:13
 Depths (0/5) D:15

Altars:
Ashenzari
Cheibriados
Dithmenos
Elyvilon
Fedhas
Gozag
Hepliaklqana
Kikubaaqudgha
Makhleb
Nemelex Xobeh
Okawaru
Qazlal
Ru
Sif Muna
Trog
Uskayaw
Vehumet
Wu Jian
Xom
Yredelemnul
Zin
The Shining One

Shops:
D:4 =   D:14 :   D:15 [   Orc:1 *   Orc:2 [(*?   Elf:2 *   Elf:3 (   Shoals:4 *
Snake:1 ==}   Snake:2 (


Innate Abilities, Weirdness & Mutations

You are small and have problems with some larger weapons.
You are somewhat resistant to further mutation.


Message History

The bolt of fire misses you.
You hit the orc sorcerer but do no damage.
The orc sorcerer is severely wounded.
The deep elf blademaster completely misses you. x2
The deep elf master archer shoots an arrow.
The arrow completely misses you.
You puncture the orc sorcerer!
The orc sorcerer is almost dead.
You hit the orc sorcerer but do no damage.
The orc sorcerer is almost dead.
The deep elf annihilator completely misses you.
You puncture the orc sorcerer!
You kill the orc sorcerer!
Okawaru accepts your kill.
The deep elf blademaster hits you with a rapier.
* * * LOW HITPOINT WARNING * * *
The deep elf blademaster barely misses you.
The deep elf master archer shoots an arrow.
The arrow hits you!!
You die...

###..§e......#
...####§..)...#
......#####)..#
.........#)..#
........(#)..#
#......#...# ##
#.e..##e)(# .##
#..)x#.5(.# ..#
#..e@#(4#(#
..##
#...##e(#(#
...#
#..e.#e(##(#
...# .......#(.
.# .).##
........)(# ##
.ee.#
.......((#
....# ...###.(.
##..# ### .....
../#


You could see a deep elf blademaster, a deep elf master archer, a deep elf
annihilator and a crawling corpse.

Vanquished Creatures
  Vashnia (Snake:1)
  Nikola (Lair:2)
  2 deep elf blademasters
  Frances (Snake:2)
  Agnes (Elf:1)
  A tengu reaver (D:14)
  A storm dragon (D:14)
  Kirke (Lair:4)
  6 nagarajas
  Ilsuiw (Shoals:4)
  2 fire giants
  11 deep elf sorcerers
  Aizul (Elf:1)
  A deep elf elementalist (Elf:3)
  2 deep elf annihilators
  Azrael (Snake:1)
  4 deep elf demonologists
  Nessos (D:11)
  6 deep elf death magi
  An ettin (D:14)
  Josephine (D:11)
  Snorg (Orc:1)
  4 merfolk javelineers (Shoals:4)
  6 merfolk impalers
  A minotaur (Lab)
  2 deep elf high priests (Elf:3)
  3 vault guards (D:13)
  11 naga warriors
  7 hydras
  11 anacondas
  Erica (Lair:2)
  2 merfolk avatars (Shoals:3)
  5 centaur warriors
  2 catoblepae
  4 merfolk aquamancers
  The ghost of tensugalgo the Spear-Bearer, a novice DrMo of Cheibriados (D:8)
  6 satyrs
  23 dancing weapons
  2 tengu warriors (D:15)
  A queen ant (Lair:6)
  5 shock serpents
  3 orc high priests (Orc:2)
  7 two-headed ogres
  Urug (Orc:1)
  4 death yaks
  14 deep elf knights
  15 naga sharpshooters
  Nergalle (D:10)
  15 sea snakes
  3 salamander mystics
  3 unseen horrors
  11 deep elf archers
  A wizard (D:14)
  17 harpies
  5 naga ritualists
  8 orc knights
  52 deep elf magi
  30 fauns
  7 orc sorcerers
  6 ugly things
  An oklob plant (Lair:1)
  20 manticores
  4 mana vipers
  14 cyclopes
  6 salamanders
  Maurice (D:10)
  The ghost of tensugalgo the Skirmisher, a novice DrMo (D:5)
  25 black mambas
  9 merfolk sirens
  7 water nymphs
  6 elephants
  4 guardian serpents
  27 naga magi
  10 spiny frogs
  4 gargoyles
  2 efreet
  A torpor snail (Lair:6)
  A komodo dragon (Lair:5)
  A redback zombie (D:14)
  A rime drake (Lair:4)
  12 trolls
  A tyrant leech (Lair:6)
  6 meliai (D:15)
  22 merfolk
  28 blink frogs
  5 slime creatures
  9 snapping turtles
  6 wind drakes
  4 dream sheep (Shoals:2)
  13 hippogriffs
  4 air elementals
  3 wyverns
  5 water elementals
  8 wraiths
  6 fire elementals
  A human (shapeshifter) (Elf:3)
  35 yaks
  Grum (D:10)
  A hog (Lair:4)
  4 basilisks
  A human (D:10)
  3 vampire mosquitoes (D:14)
  35 nagas
  2 hungry ghosts
  3 wargs
  2 soldier ants
  11 water moccasins
  4 hell hounds (Snake:1)
  A floating eye (shapeshifter) (D:14)
  7 porcupines
  26 orc warriors
  2 black bears
  6 ice beasts
  2 sky beasts
  3 necrophages
  3 phantoms
  26 wolves
  10 ogres
  13 crocodiles
  The ghost of Name63 the Grave Robber, an amateur GnNe (D:3)
  18 centaurs
  2 big kobolds
  13 bullfrogs
  3 earth elementals
  2 gnoll sergeants
  A wyvern skeleton (D:13)
  A hornet simulacrum (D:14)
  2 scorpions
  21 killer bees
  4 electric eels
  8 howler monkeys
  8 crimson imps
  A bullfrog zombie (D:7)
  A centaur zombie (D:5)
  3 quasits
  11 orc priests
  7 hounds
  8 jellies
  4 bullfrog skeletons
  4 iguanas
  8 worker ants
  24 orc wizards
  2 centaur simulacra (D:8)
  2 hound skeletons
  3 mummies (Ossuary)
  A worker ant zombie (D:7)
  16 gnolls
  A howler monkey skeleton (D:4)
  10 adders
  6 shadow imps
  3 white imps (D:8)
  A howler monkey simulacrum (D:8)
  3 oozes
  An adder zombie (D:8)
  5 worms
  2 dart slugs
  5 leopard geckos
  55 orcs
  A ball python (D:1)
  4 bats
  3 giant cockroaches
  9 hobgoblins
  6 jackals
  11 kobolds
  4 quokkas
  3 frilled lizards
  8 goblins
  4 goblin zombies (Ossuary)
  4 hobgoblin zombies (Ossuary)
  A quokka simulacrum (D:8)
  7 rats
  2 rat zombies (D:7)
  3 crawling corpses (Elf:3)
  3 fungi
  A plant (Lair:6)
1172 creatures vanquished.

Vanquished Creatures (others)
  A dancing weapon (Elf:3)
  2 humans (Lair:4)
  2 orc warriors (Orc:2)
  An iguana (D:10)
  43 fungi
  58 plants
107 creatures vanquished.

Grand Total: 1279 creatures vanquished

Notes
Turn   | Place    | Note
-------+----------+-------------------------------------------
     0 | D:1      | Oravi the Halfling Hunter began the quest for the Orb.
     0 | D:1      | Reached XP level 1. HP: 14/14 MP: 1/1
   221 | D:1      | Reached XP level 2. HP: 19/19 MP: 2/2
   403 | D:1      | Reached XP level 3. HP: 24/24 MP: 3/3
  1000 | D:2      | Reached XP level 4. HP: 27/29 MP: 4/4
  1097 | D:2      | Reached skill level 1 in Short Blades
  1731 | D:3      | Reached XP level 5. HP: 34/34 MP: 5/5
  1751 | D:3      | Noticed Name63's ghost (amateur GnNe)
  1826 | D:3      | Found an ornate altar of the Wu Jian Council.
  1868 | D:3      | Reached skill level 1 in Armour
  2138 | D:3      | Found a burning altar of Makhleb.
  2141 | D:3      | Found a radiant altar of Vehumet.
  2144 | D:3      | Found a stormy altar of Qazlal.
  2612 | D:3      | Found a sparkling altar of Nemelex Xobeh.
  2740 | D:4      | Found a basalt altar of Yredelemnul.
  2799 | D:4      | Reached XP level 6. HP: 37/41 MP: 6/6
  2984 | D:4      | Found Qemuh's Jewellery Boutique.
  3091 | D:4      | Gained mutation: You have large cloven feet. [potion of mutation]
  3566 | D:4      | Noticed an ogre
  3574 | D:4      | Killed an ogre
  3574 | D:4      | Reached XP level 7. HP: 45/45 MP: 7/7
  3653 | D:5      | Entered Level 5 of the Dungeon
  3668 | D:5      | Found a staircase to the Ecumenical Temple.
  3691 | Temple   | Entered the Ecumenical Temple
  3963 | D:5      | Lost mutation: You have large cloven feet. [potion of mutation]
  3963 | D:5      | Gained mutation: You are frail. (-10% HP) [potion of mutation]
  3963 | D:5      | Gained mutation: Your flesh is heat resistant. (rF+) [potion of mutation]
  4064 | D:5      | Reached skill level 10 in Slings
  4122 | D:5      | Noticed tensugalgo's ghost (novice DrMo)
  4132 | D:5      | Found an iron altar of Okawaru.
  4357 | D:5      | Became a worshipper of Warmaster Okawaru
  4676 | D:5      | Reached XP level 8. HP: 6/46 MP: 8/8
  5692 | D:6      | Reached * piety under Okawaru
  5710 | D:6      | Found a basalt altar of Yredelemnul.
  6197 | D:6      | Reached skill level 5 in Short Blades
  6618 | D:7      | Found a sand-covered staircase.
  6644 | Ossuary  | Entered an ossuary
  6644 | Ossuary  | Noticed a wraith
  6644 | Ossuary  | Noticed a wraith
  6644 | Ossuary  | Noticed a wraith
  7285 | Ossuary  | Noticed a wraith
  7309 | Ossuary  | Killed a wraith
  7309 | Ossuary  | Reached XP level 9. HP: 48/53 MP: 9/9
  7535 | D:7      | Noticed a moth of wrath
  7625 | D:7      | Reached ** piety under Okawaru
  7800 | D:7      | Noticed a two-headed ogre
  7821 | D:7      | Killed a two-headed ogre
  7821 | D:7      | Reached skill level 5 in Fighting
  8110 | D:7      | Found a bloodstained altar of Trog.
  8300 | D:8      | Found a deep blue altar of Sif Muna.
  8344 | D:8      | Noticed tensugalgo's ghost (novice DrMo)
  8652 | D:8      | Reached XP level 10. HP: 61/61 MP: 10/10
  8980 | D:8      | Reached skill level 5 in Dodging
  9235 | D:8      | Noticed a deep elf mage
  9510 | D:8      | Noticed a deep elf mage
  9522 | D:8      | Killed a deep elf mage
  9522 | D:8      | Reached *** piety under Okawaru
  9522 | D:8      | Reached skill level 1 in Invocations
  9534 | D:8      | Killed a deep elf mage
  9737 | D:8      | Received a gift from Okawaru
  9737 | D:8      | Reached skill level 5 in Armour
 10559 | D:8      | Found a white marble altar of Elyvilon.
 10618 | D:8      | Found a shadowy altar of Dithmenos.
 10647 | D:8      | Reached **** piety under Okawaru
 10652 | D:8      | Received a gift from Okawaru
 11587 | D:9      | Noticed a two-headed ogre
 11595 | D:9      | Killed a two-headed ogre
 11595 | D:9      | Received a gift from Okawaru
 11595 | D:9      | Received a gift from Okawaru
 11595 | D:9      | Reached XP level 11. HP: 69/69 MP: 10/12
 11757 | D:9      | Received a gift from Okawaru
 12120 | D:9      | Found a staircase to the Lair.
 12232 | D:9      | Lost mutation: Your flesh is heat resistant. (rF+) [potion of mutation]
 12232 | D:9      | Lost mutation: You are frail. (-10% HP) [potion of mutation]
 12264 | D:10     | Entered Level 10 of the Dungeon
 12436 | D:10     | Noticed Grum
 12462 | D:10     | Received a gift from Okawaru
 12485 | D:10     | Killed Grum
 13156 | D:10     | Noticed Maurice
 13175 | D:10     | Killed Maurice
 13265 | D:10     | Received a gift from Okawaru
 13276 | D:10     | Found a staircase to the Orcish Mines.
 13647 | D:10     | Noticed Nergalle
 13671 | D:10     | Noticed a spectral orc warlord
 13671 | D:10     | Noticed a spectral orc warlord
 13692 | D:10     | Killed Nergalle
 14197 | D:11     | Killed an unseen horror
 14197 | D:11     | Reached ***** piety under Okawaru
 14406 | D:11     | Noticed Josephine
 14417 | D:11     | Killed Josephine
 14417 | D:11     | Received a gift from Okawaru
 14417 | D:11     | Received a gift from Okawaru
 14417 | D:11     | Reached XP level 12. HP: 64/87 MP: 11/13
 15099 | D:11     | Found a shimmering altar of Xom.
 15338 | D:11     | Reached skill level 10 in Fighting
 15460 | D:12     | Noticed Nessos
 15460 | D:12     | Noticed a two-headed ogre
 15489 | D:12     | Killed a two-headed ogre
 15685 | D:12     | Reached skill level 10 in Short Blades
 16808 | D:11     | Killed Nessos
 17283 | Lair:1   | Entered Level 1 of the Lair of Beasts
 17308 | Lair:1   | Reached skill level 10 in Dodging
 17572 | Lair:1   | Received a gift from Okawaru
 17835 | Lair:1   | Noticed an eight-headed hydra
 17846 | Lair:1   | Killed an eight-headed hydra
 17846 | Lair:1   | Received a gift from Okawaru
 17910 | Lair:1   | Noticed a five-headed hydra
 17932 | Lair:1   | Killed a five-headed hydra
 17932 | Lair:1   | Reached XP level 13. HP: 33/94 MP: 8/15
 18688 | Lair:2   | Found a staircase to the Snake Pit.
 18700 | Lair:2   | Noticed Erica
 18715 | Lair:2   | Killed Erica
 19174 | Lair:2   | Received a gift from Okawaru
 19825 | Lair:2   | Received a gift from Okawaru
 20329 | Lair:3   | You fall through a shaft!
 20454 | Lair:4   | Found a staircase to the Shoals.
 20874 | Lair:3   | Noticed a four-headed hydra
 20883 | Lair:3   | Killed a four-headed hydra
 20997 | Lair:3   | Noticed a five-headed hydra
 21012 | Lair:3   | Killed a five-headed hydra
 21263 | Lair:4   | Noticed Kirke
 21294 | Lair:4   | Killed Kirke
 21343 | Lair:3   | Reached XP level 14. HP: 40/103 MP: 16/16
 21766 | Lair:4   | Received a gift from Okawaru
 21767 | Lair:4   | Got a crude buckler {god gift}
 21773 | Lair:4   | Identified the +0 buckler of Misanthropy {MR+} (Okawaru gifted it to you on level 4 of the Lair of Beasts)
 22501 | Lair:5   | Reached skill level 1 in Shields
 22581 | Lair:5   | Found a staircase to the Slime Pits.
 23301 | Lair:6   | Entered Level 6 of the Lair of Beasts
 24840 | Lair:6   | Reached skill level 10 in Armour
 27171 | Lair:6   | Received a gift from Okawaru
 27506 | Lair:6   | Identified a scroll of acquirement
 27813 | Lair:6   | Received a gift from Okawaru
 28795 | D:3      | Killed Name63's ghost
 28795 | D:3      | Reached XP level 15. HP: 110/110 MP: 17/17
 28857 | D:5      | Killed tensugalgo's ghost
 29002 | D:8      | Killed tensugalgo's ghost
 29622 | D:13     | Found a labyrinth entrance.
 29661 | Lab      | Entered a labyrinth
 30150 | D:13     | Received a gift from Okawaru
 30473 | D:13     | Received a gift from Okawaru
 30562 | D:13     | Found a gate to the Vaults.
 31183 | D:13     | Received a gift from Okawaru
 31808 | D:14     | Received a gift from Okawaru
 31976 | D:14     | Reached skill level 5 in Invocations
 32002 | D:14     | Found Loneng's Book Emporium.
 32139 | D:14     | Reached ****** piety under Okawaru
 32693 | D:14     | Reached skill level 5 in Shields
 32745 | D:14     | Noticed a storm dragon
 32783 | D:14     | Killed a storm dragon
 33377 | D:14     | Noticed a tengu reaver
 33387 | D:14     | Noticed a fire giant
 33422 | D:14     | Killed a tengu reaver
 33435 | D:14     | Killed a fire giant
 33435 | D:14     | Reached XP level 16. HP: 63/118 MP: 20/20
 33772 | D:14     | Identified the Grimoire of Moulding
 33967 | D:15     | Entered Level 15 of the Dungeon
 34332 | D:15     | Received a gift from Okawaru
 34399 | D:15     | Noticed a fire giant
 34539 | D:15     | Killed a fire giant
 34578 | D:15     | Found a staircase to the Depths.
 35257 | D:15     | Found a shimmering altar of Xom.
 35258 | D:15     | Found Okiagah's Armour Boutique.
 35285 | D:15     | Found a shimmering altar of Xom.
 35285 | D:15     | Found a shimmering altar of Xom.
 35884 | D:15     | Found a shimmering altar of Xom.
 35885 | D:15     | Found a shimmering altar of Xom.
 35890 | D:15     | Found a shimmering altar of Xom.
 35890 | D:15     | Found a shimmering altar of Xom.
 36210 | Orc:1    | Entered Level 1 of the Orcish Mines
 36382 | Orc:1    | Found Lagg's General Store.
 36474 | Orc:1    | Noticed Urug
 36504 | Orc:1    | Killed Urug
 36504 | Orc:1    | Received a gift from Okawaru
 36942 | Orc:1    | Noticed Snorg
 36956 | Orc:1    | Killed Snorg
 37481 | Orc:2    | Entered Level 2 of the Orcish Mines
 37554 | Orc:2    | Received a gift from Okawaru
 38003 | Orc:2    | Found a staircase to the Elven Halls.
 38027 | Orc:2    | Received a gift from Okawaru
 38623 | Orc:2    | Found Pehom's Magic Scroll Shoppe.
 38993 | Orc:1    | Received a gift from Okawaru
 39356 | Orc:2    | Found Olephes's Armour Shoppe.
 39359 | Orc:2    | Found Meh Fuik's Assorted Antiques.
 39359 | Orc:2    | Found Pulei's Weapon Boutique.
 39638 | Orc:2    | Bought a +2 pair of gloves of dexterity for 301 gold pieces
 39679 | Orc:2    | Bought a lumpy coppery potion for 26 gold pieces
 39680 | Orc:2    | Bought a scroll of teleportation for 87 gold pieces
 39680 | Orc:2    | Bought a scroll of teleportation for 87 gold pieces
 39682 | Orc:2    | Bought a scroll of enchant armour for 105 gold pieces
 39682 | Orc:2    | Bought a scroll of enchant armour for 105 gold pieces
 39731 | Orc:1    | Bought a scroll of teleportation for 36 gold pieces
 39890 | Shoals:1 | Entered Level 1 of the Shoals
 40527 | Shoals:1 | Reached XP level 17. HP: 96/126 MP: 22/22
 40977 | Shoals:1 | Reached skill level 15 in Dodging
 41911 | Shoals:2 | Received a gift from Okawaru
 44197 | Shoals:3 | Received a gift from Okawaru
 44446 | Shoals:3 | Received a gift from Okawaru
 44449 | Shoals:3 | Got an ichor-stained chain mail {god gift}
 44748 | Shoals:3 | Reached skill level 15 in Fighting
 45031 | Shoals:4 | Entered Level 4 of the Shoals
 46445 | Snake:1  | Entered Level 1 of the Snake Pit
 46618 | Orc:2    | Bought a +0 leather armour of poison resistance for 84 gold pieces
 46866 | Snake:1  | Got a polished scale mail
 47109 | Snake:1  | Noticed Nikola
 47325 | D:4      | Bought the ring of Moengae {rCorr rElec rN+ MR+ Int+3} for 701 gold pieces
 47546 | Lair:2   | Killed Nikola
 47546 | Lair:2   | Reached XP level 18. HP: 72/134 MP: 20/24
 47652 | Lair:2   | Identified the +4 scale mail of Icewki {+Blink Int+2 Slay+3} (You found it on level 1 of the Snake Pit)
 48227 | Snake:1  | Found Nymixoum's Gadget Shop.
 48227 | Snake:1  | Found Jyddej's Jewellery Shoppe.
 48228 | Snake:1  | Found Wisali Noaf's Jewellery Shoppe.
 48396 | Snake:2  | Noticed Azrael
 48435 | Snake:1  | Killed Azrael
 48464 | Snake:2  | Noticed Frances
 48802 | Snake:2  | Found Foixt's Weapon Shoppe.
 48996 | Snake:2  | Killed Frances
 49242 | Snake:2  | Reached skill level 15 in Short Blades
 49431 | Snake:2  | Noticed Vashnia
 50972 | Snake:2  | Received a gift from Okawaru
 52526 | Snake:3  | Received a gift from Okawaru
 53759 | Snake:3  | Found a sparkling altar of Nemelex Xobeh.
 53976 | Snake:4  | Entered Level 4 of the Snake Pit
 53998 | Snake:4  | Received a gift from Okawaru
 54728 | Snake:4  | Received a gift from Okawaru
 54910 | Snake:4  | Found a sacrificial altar of Ru.
 55607 | Snake:4  | Reached XP level 19. HP: 52/140 MP: 19/25
 56328 | Snake:4  | Reached skill level 10 in Shields
 57126 | Snake:4  | Received a gift from Okawaru
 58047 | Snake:4  | Got a serpentine rune of Zot
 58218 | Snake:4  | Received a gift from Okawaru
 59027 | Snake:1  | Killed Vashnia
 59335 | Shoals:3 | Received a gift from Okawaru
 59770 | Shoals:3 | Reached skill level 15 in Slings
 59904 | Shoals:4 | Noticed Ilsuiw
 60249 | Shoals:4 | Killed Ilsuiw
 60734 | Shoals:4 | Received a gift from Okawaru
 60971 | Shoals:4 | Found Lommunech's Assorted Antiques.
 61765 | Shoals:4 | Received a gift from Okawaru
 62381 | Shoals:4 | Got a barnacled rune of Zot
 62478 | Shoals:4 | Reached XP level 20. HP: 125/148 MP: 26/26
 62763 | Shoals:4 | Bought a scroll of teleportation for 105 gold pieces
 62763 | Shoals:4 | Bought a potion of curing for 105 gold pieces
 62863 | Shoals:4 | Got a shimmering steel ring
 63068 | Shoals:4 | Identified the ring "Joeceiss" {rN+ MR+ Str+3} (You found it on level 4 of the Shoals)
 63296 | Elf:1    | Entered Level 1 of the Elven Halls
 64128 | Elf:1    | Identified Sif Muna's Collected Works on Companions
 64338 | Elf:1    | Noticed Agnes
 64360 | Elf:1    | Killed Agnes
 64980 | Elf:1    | Noticed Aizul
 65360 | Elf:1    | Killed Aizul
 65608 | Elf:2    | Received a gift from Okawaru
 65695 | Elf:2    | Received a gift from Okawaru
 66144 | Elf:1    | Received a gift from Okawaru
 66514 | Elf:2    | Found Bum Beys's General Store.
 66798 | Elf:2    | Received a gift from Okawaru
 66995 | Elf:2    | Found a huge runed gate.
 66995 | Elf:2    | Found a huge runed gate.
 66995 | Elf:2    | Found a huge runed gate.
 66995 | Elf:2    | Found a huge runed gate.
 66999 | Elf:2    | Found a huge runed gate.
 67121 | Elf:2    | Received a gift from Okawaru
 68194 | Elf:3    | Entered Level 3 of the Elven Halls
 68306 | Elf:3    | Found Mossialu's Weapon Shoppe.
 68640 | Elf:3    | Received a gift from Okawaru
 68915 | Elf:3    | Noticed a Tzitzimitl
 68916 | Elf:3    | Reached XP level 21. HP: 108/155 MP: 27/27
 70076 | Elf:3    | Received a gift from Okawaru
 70758 | Elf:3    | Received a gift from Okawaru
 70758 | Elf:3    | Reached skill level 15 in Armour
 71029 | Elf:3    | Shot with an arrow by a deep elf master archer

Skill      XL: |  1  2  3  4  5  6  7  8  9 10 11 12 13 14 15 16 17 18 19 20 21 |
---------------+----------------------------------------------------------------+-----
Slings         | 6 7 8 9 10 11 12 14 15 16 17 | 17.1
Fighting       | 2 3 4 6 8 9 10 12 13 14 15 16 17 | 17.1
Short Blades   | 1 2 3 5 7 8 9 10 11 12 13 14 15 | 15.7
Armour         | 1 2 4 5 7 8 9 10 11 12 13 14 15 | 15.0
Dodging        | 3 4 6 8 10 12 13 14 15 16 17 | 17.4
Invocations    | 1 2 3 5 7 8 9 |  9.1
Shields        | 3 5 6 8 9 11 12 | 12.4
Stealth        | |  1.1

Action                   |  1- 3 |  4- 6 |  7- 9 | 10-12 | 13-15 | 16-18 | 19-21 || total
-------------------------+-------+-------+-------+-------+-------+-------+-------++-------
Melee: Short sword       |       |    23 |     8 |    45 |   210 |       |       ||   286
       Kick              |       |       |     1 |       |       |       |       ||     1
       Punch             |       |       |       |     1 |       |       |       ||     1
       Unarmed           |       |       |       |       |     4 |       |       ||     4
       Rapier            |       |       |       |       |   491 |  1654 |   914 ||  3059
 Fire: Hunting sling     |    69 |   181 |   470 |   985 |  1929 |  2368 |  1946 ||  7948
Invok: Heroism           |       |       |     2 |    18 |    23 |    34 |    25 ||   102
       Finesse           |       |       |       |     2 |     2 |     6 |     5 ||    15
 Abil: Evoke Invisibilit |       |       |       |       |       |     1 |       ||     1
Evoke: Wand              |       |       |       |       |     3 |       |       ||     3
  Use: Scroll            |       |    10 |     9 |     5 |    13 |    11 |     8 ||    56
       Potion            |       |     6 |     2 |    12 |     7 |     9 |     6 ||    42
 Stab: Sleeping          |       |       |       |       |       |     1 |       ||     1
  Eat: Chunk             |       |     8 |     7 |    20 |    38 |    38 |    16 ||   127
       Ration            |       |       |     2 |     2 |     2 |     9 |     8 ||    23
Armor: Leather armour    |     4 |     8 |    44 |    24 |       |    41 |    82 ||   203
       Skin              |       |    30 |    11 |    85 |       |       |       ||   126
       Robe              |       |       |       |    31 |   116 |    74 |    24 ||   245
Dodge: Dodged            |    13 |    37 |   102 |   500 |  1036 |  1281 |   868 ||  3837
Block: Buckler           |       |       |       |       |   191 |   492 |   424 ||  1107
